Map: Acid Plant LE

Players

ROC - Winner!

  • Race: Zerg Zerg
  • League: Platinum
  • Spawn Location: 11:00

Michael

  • Race: Zerg Zerg
  • League: Gold
  • Spawn Location: 5:00

VOD

Have the link to the VOD?

Description

Time

  • Played on: Oct. 7, 2018, 7:16 a.m.
  • Length: 6:33
Show
View Real Time Build Order
Export as new Build Order

ROC Zerg - Winner!

Build Orders: Pool First 

Get SALT Encoding   

  12  0:01  Drone  
  13  0:11  Drone  
  13  0:13  Extractor  
  13  0:15  Extractor  
  13  0:18  Drone  
  13  0:23  Drone  
  15  0:40  Spawning Pool  
  14  0:46  Overlord  
  14  1:05  Drone x3  
  17  1:17  Drone  
  18  1:27  Drone  
  19  1:32  Queen  
  19  1:35  Metabolic Boost  
  21  1:42  Overlord  
  21  1:53  Zergling x2  
  22  2:02  Zergling x2  
  23  2:12  Hatchery  
  23  2:15  Zergling x2  
  23  2:24  Drone  
  23  2:26  Queen  
  26  2:36  Zergling x2  
  27  2:42  Zergling x4  
  27  2:43  Zergling x2  
  30  2:46  Overlord  
  30  2:59  Overlord  
  30  3:15  Zergling x8  
  30  3:36  Zergling x8  
  31  3:47  Zergling x8  
  35  3:52  Queen  
  37  4:05  Hatchery  
  37  4:07  Drone  
  37  4:08  Drone x2  
  37  4:09  Zergling x2  
  40  4:15  Zergling x6  
  43  4:26  Zergling x8  
  47  4:40  Lair  
  47  4:48  Zergling x2  
  47  4:49  Zergling x8  
  52  5:00  Overlord  
  52  5:01  Overlord  
  52  5:08  Overlord  
  52  5:19  Zergling x2  
  52  5:20  Zergling x6  
  53  5:30  Zergling x8  
  53  5:34  Zergling x2  
  55  5:36  Zergling x2  
  55  5:40  Zergling x2  
  55  5:42  Zergling x2  
  53  6:02  Zergling x12  
  53  6:03  Zergling x2  
  55  6:10  Zergling x2  
  54  6:11  Zergling x2  
  54  6:12  Zergling x2  
Show
View Real Time Build Order
Export as new Build Order

Michael Zerg 

Build Orders: Pool First 

Get SALT Encoding   

  12  0:01  Drone  
  13  0:12  Overlord  
  13  0:18  Drone  
  14  0:30  Drone x2  
  14  0:34  Drone  
  17  0:42  Extractor  
  17  0:45  Drone  
  17  0:52  Spawning Pool  
  17  0:56  Drone  
  17  1:06  Drone  
  18  1:23  Hatchery  
  17  1:26  Drone  
  17  1:29  Drone  
  19  1:40  Queen  
  21  1:47  Metabolic Boost  
  21  1:50  Zergling x2  
  22  1:58  Overlord  
  22  2:16  Extractor, Roach Warren, Drone x2  
  22  2:26  Queen  
  24  2:44  Queen, Spine Crawler  
  24  2:48  Zergling x2  
  26  2:56  Zergling x4  
  27  3:06  Roach x2  
  31  3:16  Drone, Spine Crawler  
  31  3:20  Drone  
  27  3:42  Overlord  
  27  3:46  Overlord  
  27  4:00  Queen x2  
  27  4:01  Drone  
  33  4:02  Drone  
  33  4:09  Overlord  
  33  4:18  Baneling Nest  
  33  4:19  Drone  
  33  4:22  Drone  
  34  4:26  Drone  
  34  4:28  Drone  
  36  4:46  Roach x3  
  36  4:48  Drone x2  
  36  4:51  Drone  
  45  4:56  Overlord  
  45  5:00  Overlord  
  45  5:19  Hatchery  
  45  5:20  Zergling x4  
  34  5:38  Zergling x2  
  34  5:39  Zergling x14  
  30  5:46  Zergling x4  
  30  5:59  Baneling x3  
Tags
 
Add a new tag
Caveats
  • Supply blocks, unpowered buildings, or Contaminate may cause inaccurate times.
  • Supply counts are checked every 10 seconds.